 Dungeon Crawl Stone Soup version 0.31-a0-590-g8a5a4361df (webtiles) character file.

Game seed: 12042012767046492866

8308 Firecrotchwizard the Carver (level 11, -3/69 HPs)
             Began as a Tengu Reaver on Aug 19, 2023.
             Was a Priest of Okawaru.
             Slain by a gargoyle
             ... wielding a +2 mace of protection
              (8 damage)
             ... on level 10 of the Dungeon.
             The game lasted 00:26:55 (10199 turns).

Firecrotchwizard the Carver (Tengu Reaver)         Turns: 10199, Time: 00:26:56

Health: -3/69      AC: 12    Str: 15    XL:     11   Next: 28%
Magic:  13/15      EV: 21    Int: 14    God:    Okawaru [***...]
Gold:   552        SH:  5    Dex: 14    Spells: 13/14 levels left

rFire   . . .        y - +4 scimitar (freeze)
rCold   . . .        (no shield)
rNeg    + . .        q - +3 leather armour {rN+}
rPois   +            a - +2 hat
rElec   .            F - +1 cloak {rPois}
rCorr   .            B - +0 pair of gloves
SInv    .            (boots unavailable)
Will    .....        l - amulet of reflection
Stlth   +++          (no ring)
HPRegen 0.31/turn    (no ring)
MPRegen 0.14/turn

%: reflection
@: heroic, flying quickly and evasively, quick
A: beak, talons 3, nimble flight
a: Renounce Religion, Heroism


You were on level 10 of the Dungeon.
You worshipped Okawaru.
Okawaru was most pleased with you.
You visited 1 branch of the dungeon, and saw 10 of its levels.

You collected 630 gold pieces.
You spent 78 gold pieces at shops.

Inventory:

Hand Weapons
 r - a +3 great sword of freezing
 y - a +4 scimitar of freezing (weapon)
Missiles
 H - a throwing net {@!f}
Armour
 a - a +2 hat (worn)
 j - a +2 ring mail of fire resistance
 q - a +3 leather armour of positive energy (worn)
 B - a +0 pair of gloves (worn)
 F - a +1 cloak of poison resistance (worn)
Jewellery
 l - an amulet of reflection (around neck)
 s - an amulet of guardian spirit
 x - a ring of magical power
Wands
 d - a wand of digging (8)
 p - a wand of acid (3)
 u - a wand of flame (89)
 A - a wand of polymorph (4)
 E - a wand of roots (19)
Scrolls
 b - 2 scrolls of enchant armour
 i - a scroll of identify
 k - 2 scrolls of poison
 t - a scroll of teleportation
 w - a scroll of enchant weapon
 D - a scroll of revelation
Potions
 c - 2 potions of mutation {unknown}
 e - 2 potions of might {unknown}
 f - 2 potions of curing {unknown}
 g - 3 potions of lignification
 h - 5 potions of enlightenment
 m - a potion of haste {unknown}
 v - a potion of magic {unknown}
 z - 2 potions of brilliance {unknown}
 C - a potion of invisibility {unknown}
 G - 4 potions of cancellation


   Skills:
 + Level 8.9(13.9) Fighting
 * Level 13.6(18.6) Long Blades
 - Level 8.2(13.2) Dodging
 - Level 2.0 Spellcasting
 - Level 4.0 Conjurations
 + Level 4.0 Invocations


You had 13 spell levels left.
You knew the following spells:

 Your Spells              Type           Power      Damage    Failure   Level
a - Kiss of Death         Conj/Necr      28%        2d7       12%         1

Your spell library contained the following spells:

 Spells                   Type           Power      Damage    Failure   Level
 Momentum Strike          Conj/Tloc      14%        3d8       19%         2
 Dazzling Flash           Conj/Hex       14%        N/A       36%         3
 Hailstorm                Conj/Ice       7%         3d4       36%         3
 Ensorcelled Hibernation  Hex/Ice        2%         N/A       38%         2
 Lesser Beckoning         Tloc           2%         N/A       38%         2
 Gell's Gravitas          Tloc           1%         N/A       63%         3
 Teleport Other           Tloc           1%         N/A       63%         3
 Volatile Blastmotes      Fire/Tloc      2%         2d10      63%         3
 Anguish                  Hex/Necr       0%         N/A       95%         4
 Cause Fear               Hex            0%         N/A       95%         4
 Fireball                 Conj/Fire      3%         3d4       98%         5
 Starburst                Conj/Fire      3%         6d3       100%        6
 Orb of Destruction       Conj           6%         9d6       100%        7
 Maxwell's Capacitive Co  Air            0%         ∞         100%        8
 Summon Guardian Golem    Hex/Summ       Unusable   N/A       N/A         3
 Spellforged Servitor     Conj/Summ      Unusable   N/A       N/A         7
 Dragon's Call            Summ           Unusable   N/A       N/A         9

Dungeon Overview and Level Annotations

Branches:
Dungeon (10/15)            Temple (0/1) D:6
   Lair: D:8-11         Orc: D:9-12

Altars:
Ashenzari
Dithmenos
Fedhas
Gozag
Hepliaklqana
Kikubaaqudgha
Okawaru
Uskayaw
The Shining One

Shops:
D:5 *   D:7 (


Innate Abilities, Weirdness & Mutations

You have a beak for a mouth.
You have claws for feet.
Your magical nature lets you fly swiftly and evasively.


Message History

Your Invocations skill increases to level 4!
No target in view!
No target in view!
No target in view!
No target in view!
No target in view!
No target in view!
No target in view!
No target in view!
No target in view!
No target in view!
No target in view!
No target in view!
No target in view!
No target in view!
No target in view!
No target in view!
No target in view!
No target in view!
You start resting.
HP restored.
Things that are here:
a yak corpse; a yak corpse
k - 2 scrolls of poison (gained 1)
A yak is nearby!
The yak bellows!
You closely miss the yak. The yak gores you!
You slash the yak! You freeze the yak. You claw the yak, but do no damage.
The yak is heavily wounded.
You slash the yak! You freeze the yak. Your peck misses the yak.
The yak is almost dead.
The yak misses you.
You slice the yak!! You freeze the yak.
You kill the yak!
Okawaru accepts your kill.
No target in view!
You see here a yak corpse.
Found a broken altar of Ashenzari.
No target in view!
Found a robe.
You see here a +0 robe.
Found a robe.
A gargoyle comes into view. It is wielding a +2 mace of protection.
Found a scroll of identify.
The gargoyle hits you with a +2 mace of protection!
You barely miss the gargoyle.
You claw the gargoyle, but do no damage.
The gargoyle hits you with a +2 mace of protection.
You hit the gargoyle but do no damage. Your kick misses the gargoyle.
You peck the gargoyle, but do no damage.
The gargoyle barely misses you.
You hit the gargoyle but do no damage. Your kick misses the gargoyle.
You hit the gargoyle but do no damage. Your kick misses the gargoyle.
The gargoyle hits you but does no damage.
You barely miss the gargoyle.
You claw the gargoyle, but do no damage.
The gargoyle barely misses you.
You hit the gargoyle. You freeze the gargoyle. Your peck misses the gargoyle.
The gargoyle is lightly damaged.
The gargoyle hurls a stone arrow at you.
The stone arrow hits you!!
* * * LOW HITPOINT WARNING * * *
You gain the combat prowess of a mighty hero.
The gargoyle hits you with a +2 mace of protection!!
* * * LOW HITPOINT WARNING * * *
You hit the gargoyle but do no damage. Your kick misses the gargoyle.
The gargoyle is lightly damaged.
You hit the gargoyle but do no damage.
You peck the gargoyle, but do no damage.
You punch the gargoyle, but do no damage.
The gargoyle is lightly damaged.
The gargoyle hurls a stone arrow at you.
The stone arrow hits you.
* * * LOW HITPOINT WARNING * * *
You hit the gargoyle but do no damage.
You claw the gargoyle, but do no damage.
The gargoyle is lightly damaged.
The gargoyle closely misses you.
You barely miss the gargoyle. Your kick misses the gargoyle.
The gargoyle is lightly damaged.
You hit the gargoyle but do no damage.
You claw the gargoyle, but do no damage.
You peck the gargoyle, but do no damage.
The gargoyle is lightly damaged.
The gargoyle hits you with a +2 mace of protection.
* * * LOW HITPOINT WARNING * * *
You slash the gargoyle! You freeze the gargoyle.
You claw the gargoyle, but do no damage.
The gargoyle is almost destroyed.
The gargoyle closely misses you.
You barely miss the gargoyle.
You claw the gargoyle, but do no damage.
The gargoyle is almost destroyed.
Unknown command.
You hit the gargoyle. You freeze the gargoyle.
You claw the gargoyle, but do no damage.
Your peck misses the gargoyle.
The gargoyle is almost destroyed.
The gargoyle hits you with a +2 mace of protection!
You die...

....≈...#.####.######
###.≈...............#
....≈..........###..#
≈≈≈≈≈.#.#.###..# ..#
......#...#
#..###..####
####.##..##
#..#.......# #
......# #..#.....# #
.##[. #........#
.........#@..#.#
.#######.9.# #...#
#...# #...# ....#
##..# .?#


You could see a gargoyle.

Vanquished Creatures
  Pikel (D:5)
  Maurice (D:8)
  A gargoyle (D:9)
  Prince Ribbit (D:8)
  6 yaks (D:10)
  A vampire (D:8)
  Sigmund (D:5)
  2 wyverns
  2 steam dragons
  Grum (D:8)
  An acid dragon (D:8)
  4 water moccasins
  5 orc warriors
  3 ice beasts
  2 black bears
  An ogre (D:6)
  2 wolves (D:8)
  2 centaurs
  2 phantoms
  A kobold brigand (D:9)
  2 bullfrogs
  3 necrophages (D:9)
  23 wights
  8 scorpions
  2 centaur zombies (D:9)
  A human zombie (D:9)
  5 orc priests
  5 hounds
  3 jellies
  A sleepcap (D:4)
  5 orc wizards
  3 iguanas
  3 mummies (D:9)
  A howler monkey zombie (D:9)
  7 adders
  7 gnolls
  A white imp (D:6)
  An ufetubus (D:6)
  A worm (D:2)
  3 dart slugs
  29 orcs
  6 bats
  6 endoplasms
  5 giant cockroaches
  14 goblins
  6 hobgoblins
  3 jackals
  16 kobolds
  4 quokkas
  8 ball pythons
  4 frilled lizards
  10 rats
  A butterfly (D:6)
237 creatures vanquished.

Vanquished Creatures (others)
  A gnoll sergeant (D:8)
1 creature vanquished.

Grand Total: 238 creatures vanquished

Notes
Turn   | Place    | Note
-------+----------+-------------------------------------------
     0 | D:1      | Firecrotchwizard the Tengu Reaver began the quest for the
                  | Orb.
     0 | D:1      | Reached XP level 1. HP: 12/12 MP: 4/4
    81 | D:1      | Reached XP level 2. HP: 14/17 MP: 6/6
   369 | D:1      | Reached skill level 4 in Long Blades
   369 | D:1      | Reached XP level 3. HP: 22/22 MP: 7/7
  1018 | D:2      | Reached XP level 4. HP: 27/27 MP: 8/8
  1569 | D:3      | Gained mutation: Your magical nature lets you fly swiftly
                  | and evasively. [Tengu growth]
  1569 | D:3      | Reached XP level 5. HP: 30/32 MP: 9/9
  1676 | D:3      | Reached skill level 5 in Long Blades
  2166 | D:3      | Reached XP level 6. HP: 7/37 MP: 10/10
  2929 | D:4      | Reached skill level 6 in Long Blades
  3498 | D:4      | Identified the +0 pair of boots of the Blessed Realm {-Tele
                  | Harm rF++ Regen+}
  3585 | D:4      | Reached XP level 7. HP: 32/43 MP: 11/11
  4062 | D:4      | Reached skill level 7 in Long Blades
  4116 | D:5      | Entered Level 5 of the Dungeon
  4166 | D:5      | Reached skill level 5 in Dodging
  4340 | D:5      | Noticed Pikel
  4351 | D:5      | Killed Pikel
  4352 | D:5      | Reached skill level 5 in Fighting
  4352 | D:5      | Reached skill level 8 in Long Blades
  4352 | D:5      | Reached XP level 8. HP: 41/49 MP: 12/12
  4476 | D:5      | Noticed Sigmund
  4483 | D:5      | Killed Sigmund
  4563 | D:5      | Reached skill level 9 in Long Blades
  4621 | D:5      | Found Xeucitux's Assorted Antiques.
  4625 | D:5      | Bought a red potion for 25 gold pieces
  4625 | D:5      | Bought a scroll labelled CIONYG LOLUTE for 28 gold pieces
  4625 | D:5      | Bought a dark potion for 25 gold pieces
  5150 | D:6      | Reached XP level 9. HP: 55/55 MP: 13/13
  5477 | D:6      | Found a glowing golden altar of the Shining One.
  5533 | D:6      | Reached skill level 10 in Long Blades
  5852 | D:6      | Found an iron altar of Okawaru.
  5853 | D:6      | Found a hide-covered altar of Uskayaw.
  5957 | D:6      | Became a worshipper of Warmaster Okawaru
  5991 | D:6      | Found a staircase to the Ecumenical Temple.
  6439 | D:6      | Reached skill level 11 in Long Blades
  6563 | D:6      | Reached XP level 10. HP: 54/63 MP: 14/14
  6954 | D:7      | Found Zazod Eja's Antique Weapon Boutique.
  6998 | D:7      | Reached * piety under Okawaru
  7753 | D:8      | Found an opulent altar of Gozag.
  8082 | D:8      | Noticed Maurice
  8126 | D:8      | Killed Maurice
  8127 | D:8      | Reached skill level 1 in Invocations
  8179 | D:8      | Noticed Grum
  8188 | D:8      | Killed Grum
  8189 | D:8      | Reached skill level 12 in Long Blades
  8196 | D:8      | Reached ** piety under Okawaru
  8572 | D:8      | Noticed Prince Ribbit
  8588 | D:8      | Killed Prince Ribbit
  8785 | D:8      | Found a shadowy altar of Dithmenos.
  9230 | D:9      | Found a blossoming altar of Fedhas.
  9240 | D:9      | Noticed a gargoyle
  9255 | D:9      | Killed a gargoyle
  9256 | D:9      | Reached skill level 13 in Long Blades
  9256 | D:9      | Reached XP level 11. HP: 49/69 MP: 15/15
  9261 | D:9      | Reached *** piety under Okawaru
  9566 | D:9      | Identified the +1 leather armour of Beogh's Felicitations
                  | {+Blink rElec rN+++ Dex-4}
  9732 | D:9      | Found a hazy altar of Hepliaklqana.
  9846 | D:9      | Found an ancient bone altar of Kikubaaqudgha.
 10030 | D:10     | Entered Level 10 of the Dungeon
 10160 | D:10     | Found a broken altar of Ashenzari.
 10199 | D:10     | Slain by a gargoyle

Illustrated notes

Levels and vault maps discovered:
D:1:      wander_arrival_abandoned_jail, layout_basic, minmay_misc_feat_hallway,
          minmay_pentomino_t2
D:2:      layout_loops_ring
D:3:      cheibrodos_pilgrimage, layout_loops_ring, kennysheep_generic_room_12
D:4:      kb_forest_paths, layout_cave_pods, serial_bayou_lake_a
D:5:      layout_loops_cross, serial_shops, nicolae_shop_back_alley_shop,
          uniq_sigmund, uniq_pikel
D:6:      kennysheep_six_static_rooms, layout_layer_cave,
          mainiacjoe_overflow_tiny_flanked, mainiacjoe_overflow_divided_tiny,
          minmay_temple_entry_butterflies, serial_glass, glass_columns_a,
          glass_columns_b, glass_columns_a, glass_columns_a, item_on_display_a,
          minmay_strange_pillars
D:7:      layout_cave_pools, serial_shops, shop
D:8:      layout_loops_corners, grunt_gozag_statues,
          grunt_dithmenos_smoke_and_mirrors, minmay_misc_feat_doors, uniq_grum,
          uniq_prince_ribbit1, uniq_maurice
D:9:      layout_cave_pools, lemuel_mausoleum_altar_kikubaaqudgha,
          mainiacjoe_overflow_small_starburst,
          mainiacjoe_overflow_surrounded_room, nicolae_sextant,
          eino_small_chamber_without_monster
D:10:     layout_loops_ring, mainiacjoe_overflow_brackets,
          nicolae_overflow_hidden_temple, grunt_lair_entry_orc_guard_hut

Skill      XL: |  1  2  3  4  5  6  7  8  9 10 11 |
---------------+----------------------------------+-----
Long Blades    | 4 5 6 8 9 11 13 | 13.6
Dodging        | 3 4 5 6 7 8 |  8.2
Fighting       | 3 4 5 7 8 |  8.9
Invocations    | 3 4 |  4.0
Spellcasting   | |  2.0
Conjurations   | |  4.0

Action                     |  1- 3 |  4- 6 |  7- 9 | 10-12 || total
---------------------------+-------+-------+-------+-------++-------
  Melee: Falchion          |    85 |    67 |       |       ||   152
         Kick              |    19 |    35 |    59 |   100 ||   213
         Punch             |     2 |     1 |       |     2 ||     5
         Peck              |    10 |    30 |    37 |    65 ||   142
         Long sword        |       |   126 |   116 |       ||   242
         Scimitar          |       |       |    77 |   303 ||   380
 Invoke: Heroism           |       |       |       |     1 ||     1
  Evoke: Wand              |       |       |     8 |     6 ||    14
    Use: Scroll            |       |     6 |     2 |     8 ||    16
 Armour: Leather armour    |    27 |    41 |    20 |    46 ||   134
  Dodge: Dodged            |    44 |   118 |   119 |   162 ||   443
  Block: Other             |       |    37 |    27 |    57 ||   121
         Reflection        |       |     2 |       |     2 ||     4

Table legend: (Time is in decaauts)
 A = Elapsed time spent in this place.
 B = Non-inter-level travel time spent in this place.
 C = Inter-level travel time spent in this place.
 D = Time resting spent in this place.
 E = Time spent auto-exploring this place.
 F = Levels seen in this place.
 G = Mean time per level.
                   A        B        C        D        E       F      G
               +--------+--------+--------+--------+--------+-----+--------+
         Total |   9619 |   9239 |    380 |   1937 |   5641 |  10 |  961.9 |
       Dungeon |   9619 |   9239 |    380 |   1937 |   5641 |  10 |  961.9 |
               +--------+--------+--------+--------+--------+-----+--------+

Top non-repeatable levels by time:
     D:6: 1646 daAuts
     D:4: 1403 daAuts
     D:8: 1345 daAuts
     D:3: 1030 daAuts
     D:5: 873 daAuts
     D:2: 843 daAuts
     D:7: 840 daAuts
     D:9: 760 daAuts
     D:1: 724 daAuts
    D:10: 150 daAuts
